 Dungeon Crawl Stone Soup version 0.28-a0-620-g539b0f7ac7 (webtiles) character file.

Game seed: 2231227820183991092

228692 pokeman the Archmage (level 18, -1/119 HPs)
             Began as a Deep Elf Hedge Wizard on Oct 5, 2021.
             Was the Champion of Vehumet.
             Slain by a death scarab (6 damage)
             ... summoned by a royal mummy
             ... in a wizard's laboratory on Oct 6, 2021.
             The game lasted 02:41:50 (47168 turns).

pokeman the Archmage (Deep Elf Hedge Wizard)       Turns: 47168, Time: 02:41:51

Health: -1/119     AC: 20    Str:  4    XL:     18   Next: 71%
Magic:  17/51      EV: 11    Int: 48    God:    Vehumet [******]
Gold:   3566       SH:  5    Dex: 14    Spells: 24/71 levels left

rFire   . . .      SeeInvis .   P - +9 long sword of the Shining Light {protect, rC+ rN+ Int+2}
rCold   + . .      Faith    .   R - +0 buckler {AC+3}
rNeg    + . .      Spirit   .   a - +0 acid dragon scales
rPois   +          Reflect  .   T - +2 helmet of Xara {Contam rElec rPois Int+4}
rElec   +          Harm     .   r - +0 cloak {rCorr}
rCorr   +          Rampage  .   v - +1 pair of gloves
Will    +....                   S - +0 pair of boots of Qazlal's Condemnation {rElec rCorr Str-3 Int+8}
Stlth   ++........              O - amulet of Vitality {Regen+ HP+15}
HPRegen 1.29/turn               q - ring of Ylophul {Wiz +Blink}
MPRegen 0.32/turn               U - +6 ring of intelligence

@: hasted and slowed
A: no striking features
}: 1/15 runes: gossamer
a: Renounce Religion, Evoke Blink


You were in a wizard's laboratory.
You worshipped Vehumet.
Vehumet was exalted by your worship.
You visited 6 branches of the dungeon, and saw 31 of its levels.
You also visited: Gauntlet and Wizlab.

You collected 4160 gold pieces.
You spent 594 gold pieces at shops.

Inventory:

Hand Weapons
 G - the +8 hand crossbow of Death's Door {flame, Will+ SInv}
   (You acquired it on level 4 of the Lair of Beasts)

   Any ammunition fired from it burns those it strikes, dealing additional fire
   damage.
   SInv:      It lets you see invisible.
   Will:      It increases your willpower.
 P - the +9 long sword of the Shining Light (weapon) {protect, rC+ rN+ Int+2}
   (You found it on level 10 of the Dungeon)

   It grants its wielder temporary protection when it strikes (+7 to AC).
   Int:       It affects your intelligence (+2).
   rC:        It protects you from cold.
   rN:        It protects you from negative energy.
Missiles
 p - 202 bolts
Armour
 a - +0 acid dragon scales (worn)
 h - a +2 leather armour of fire resistance
 r - a +0 cloak of preservation (worn)
 v - a +1 pair of gloves (worn)
 J - a +3 leather armour of cold resistance
 R - a +0 buckler of protection (worn)
 S - the +0 pair of boots of Qazlal's Condemnation (worn) {rElec rCorr Str-3 Int+8}
   (You found it on level 4 of the Lair of Beasts)

   Str:       It affects your strength (-3).
   Int:       It affects your intelligence (+8).
   rElec:     It insulates you from electricity.
   rCorr:     It protects you from acid and corrosion.
 T - the +2 helmet of Xara (worn) {Contam rElec rPois Int+4}
   (You bought it in a shop on level 4 of the Dungeon)

   Int:       It affects your intelligence (+4).
   rElec:     It insulates you from electricity.
   rPois:     It protects you from poison.
   Contam:    It causes magical contamination when unequipped.
Jewellery
 c - the ring "Ganoakh" {*Slow rC+ Int+3}
   (You found it on level 1 of the Lair of Beasts)

   [ring of protection from cold]

   Int:       It affects your intelligence (+3).
   rC:        It protects you from cold.
   *Slow:     It may slow you when you take damage.
 g - the ring "Sanilim" {rC+ rN+}
   (You took it off a gnoll sergeant on level 11 of the Dungeon)

   [ring of protection from cold]

   rC:        It protects you from cold.
   rN:        It protects you from negative energy.
 q - the ring of Ylophul (left hand) {Wiz +Blink}
   (You found it on level 4 of the Dungeon)

   [ring of wizardry]

   It improves your spell success rate.
   +Blink:    It lets you blink.
 w - the ring "Votel" {Fly Str+2}
   (You found it on level 5 of the Dungeon)

   [ring of flight]

   Str:       It affects your strength (+2).
   Fly:       It grants you flight.
 y - a +4 ring of protection
 E - an amulet of guardian spirit
 O - the amulet of Vitality (around neck) {Regen+ HP+15}
   (You acquired it on level 4 of the Lair of Beasts)

   [amulet of regeneration]

   HP:        It affects your health (+15).
   Regen:     It increases your rate of health regeneration.
 U - a +6 ring of intelligence (right hand)
Wands
 d - a wand of digging (1)
 l - a wand of flame (25)
 u - a wand of acid (2)
 X - a wand of iceblast (31)
Scrolls
 k - a scroll of fear
 m - 4 scrolls of identify
 o - 6 scrolls of magic mapping
 t - 11 scrolls of teleportation
 x - 8 scrolls of blinking
 A - a scroll of brand weapon
 K - a scroll of silence
 M - 3 scrolls of fog
 Q - 2 scrolls of enchant weapon
 V - 2 scrolls of enchant armour
Potions
 b - a potion of resistance
 e - 2 potions of brilliance
 f - a potion of invisibility
 i - 10 potions of curing
 j - 7 potions of haste
 n - a potion of heal wounds
 z - 5 potions of might
 B - a potion of cancellation
 C - 3 potions of magic
 F - 2 potions of ambrosia
 H - 3 potions of berserk rage
 I - 4 potions of attraction
 L - 4 potions of lignification
Miscellaneous
 s - a phantom mirror
 D - a tin of tremorstones (2/2)
 W - a box of beasts
 Y - a lightning rod (4/4)


   Skills:
 + Level 8.5 Fighting
 - Level 9.2 Armour
 - Level 3.0 Dodging
 - Level 3.0 Stealth
 - Level 5.0 Shields
 O Level 27 Spellcasting
 * Level 17.6 Conjurations
 - Level 14.0 Summonings
 - Level 1.0 Necromancy
 - Level 1.1 Translocations
 + Level 10.1 Fire Magic
 - Level 1.2 Air Magic
 - Level 1.0 Earth Magic
 - Level 1.2 Poison Magic
 - Level 1.3 Evocations


You had 24 spell levels left.
You knew the following spells:

 Your Spells              Type           Power      Damage    Failure   Level
a - Magic Dart            Conj           100%       1d8       0%          1
b - Mephitic Cloud        Conj/Pois/Air  92%        N/A       1%          3
c - Call Imp              Summ           100%       N/A       0%          2
d - Blink                 Tloc           N/A        N/A       1%          2
e - Conjure Flame         Conj/Fire      100%       6-21      0%          3
f - Shock                 Conj/Air       100%       1d9       0%          1
g - Fireball              Conj/Fire      57%        3d22      1%          5
h - Starburst             Conj/Fire      57%        6d15      1%          6
i - Apportation           Tloc           100%       N/A       1%          1
j - Haunt                 Necr/Summ      47%        N/A       6%          7
k - Orb of Destruction    Conj           62%        9d17      1%          7
l - Fire Storm            Conj/Fire      57%        8d15      13%         9

Your spell library contained the following spells:

 Spells                   Type           Power      Damage    Failure   Level
 Maxwell's Capacitive Co  Air            33%        ∞         73%         8
 Shatter                  Erth           32%        3d26*     100%        9
 Summon Small Mammal      Summ           100%       N/A       0%          1
 Call Canine Familiar     Summ           100%       N/A       0%          3
 Animate Skeleton         Necr           100%       N/A       1%          1
 Beastly Appendage        Tmut           100%       N/A       1%          1
 Pain                     Necr           100%       1d9       1%          1
 Sting                    Tmut/Pois      100%       1d8       1%          1
 Corpse Rot               Necr/Air       N/A        N/A       1%          2
 Poisonous Vapours        Pois/Air       100%       N/A       1%          2
 Slow                     Hex            59%        N/A       1%          2
 Sublimation of Blood     Necr           32%        N/A       1%          2
 Wereblood                Tmut           59%        N/A       1%          2
 Confusing Touch          Hex            59%        N/A       1%          3
 Frozen Ramparts          Ice            100%       1d12      1%          3
 Gell's Gravitas          Tloc           33%        N/A       1%          3
 Ignite Poison            Fire/Tmut/Pois 79%        N/A       1%          3
 Lesser Beckoning         Tloc           66%        N/A       1%          3
 Ozocubu's Armour         Ice            59%        N/A       1%          3
 Spider Form              Tmut/Pois      31%        N/A       1%          3
 Summon Guardian Golem    Hex/Summ       93%        N/A       1%          3
 Swiftness                Air            67%        N/A       1%          3
 Teleport Other           Tloc           66%        N/A       1%          3
 Vampiric Draining        Necr           32%        2d10      1%          3
 Airstrike                Air            33%        N/A       1%          4
 Animate Armour           Summ/Erth      100%       N/A       1%          4
 Animate Dead             Necr           32%        N/A       1%          4
 Dispel Undead            Necr           65%        3d22      1%          4
 Hailstorm                Conj/Ice       99%        3d19      1%          4
 Ice Form                 Ice/Tmut       59%        N/A       1%          4
 Olgreb's Toxic Radiance  Pois           67%        N/A       1%          4
 Petrify                  Tmut/Erth      62%        N/A       1%          4
 Summon Ice Beast         Ice/Summ       93%        N/A       1%          4
 Irradiate                Conj/Tmut      49%        3d29      1%          5
 Summon Forest            Summ/Tloc      47%        N/A       1%          5
 Summon Mana Viper        Hex/Summ       93%        N/A       1%          5
 Yara's Violent Unravell  Hex/Tmut       29%        3d12      1%          5
 Iron Shot                Conj/Erth      50%        9d10      1%          6
 Summon Cactus Giant      Summ           57%        N/A       1%          6
 Summon Hydra             Summ           57%        N/A       1%          7
 Agony                    Necr           65%        N/A       2%          5
 Manifold Assault         Tloc           66%        N/A       2%          5
 Alistair's Intoxication  Tmut/Pois      42%        N/A       3%          5
 Blade Hands              Tmut           29%        N/A       4%          5
 Ignition                 Fire           52%        3d14      4%          8
 Eringya's Noxious Bog    Tmut/Pois      31%        N/A       5%          6
 Lehudib's Crystal Spear  Conj/Erth      50%        10d12     6%          8
 Dispersal                Tloc           33%        N/A       14%         6
 Death Channel            Necr           32%        N/A       16%         6
 Simulacrum               Ice/Necr       31%        N/A       17%         6
 Statue Form              Tmut/Erth      41%        N/A       17%         6
 Chain Lightning          Conj/Air       50%        3d67      54%         9
 Storm Form               Tmut/Air       31%        N/A       65%         7
 Dragon Form              Tmut           29%        N/A       73%         7
 Infestation              Necr           32%        N/A       99%         8
 Necromutation            Tmut/Necr      31%        N/A       99%         8


Dungeon Overview and Level Annotations

Branches:
Dungeon (15/15)            Temple (1/1) D:4            Lair (6/6) D:8
 Shoals (0/4) Lair:2       Spider (4/4) Lair:4        Slime (0/5) Lair:6
    Orc (2/2) D:10            Elf (3/3) Orc:2        Vaults (0/5) D:13
 Depths (0/4) D:15         WizLab (1/1)             Gauntlet (visited)

Altars:
Cheibriados
Dithmenos
Elyvilon
Gozag
Hepliaklqana
Makhleb
Nemelex Xobeh
Ru
Sif Muna
Trog
Uskayaw
Vehumet
Wu Jian
Xom
Zin
Beogh
Jiyva

Shops:
D:3 ?   D:4 *:?[=   D:5 *   Orc:1 =   Orc:2 :[((   Elf:1 *

Annotations:
D:7 1 runed translucent door, exclusion: 4 orange crystal statues
Spider:3 3 runed translucent doors, Quebbil's ghost, journeyman GrFi; Ythron's ghost, adept DDFi


Message History

Press: ? - help, Dir - move target, f - royal mummy
Aim: a royal mummy (heavily damaged, ally target) Insubstantial figures form in the air.
Your freezing wraith disappears in a puff of smoke!
Your shadow wraith disappears in a puff of smoke!
Your wraith disappears in a puff of smoke!
The death scarab bites you but does no damage. x3
The death scarab barely misses your wraith.
The caustic shrike zombie claws your wraith!
The death scarab bites your wraith!
Your wraith is destroyed!
Your wraith disappears in a puff of smoke!
The royal mummy hits your wraith!
Unknown command.
Casting: Haunt (dangerous; 6% risk of failure)
Confirm with . or Enter, or press ? or * to list all spells.
You blink.
The death scarab bites you!
* * * LOW HITPOINT WARNING * * *
The death scarab drains your vigour!
You feel as though you will be slow longer.
The death scarab draws strength from your injuries!
The royal mummy gestures at you while chanting.
Something smites you!
* * * LOW HITPOINT WARNING * * *
Your freezing wraith hits the royal mummy!
Your freezing wraith freezes the royal mummy.
The royal mummy resists.
Your freezing wraith hits the royal mummy.
Your wraith hits the royal mummy.
Your wraith drains the royal mummy's vigour!
The royal mummy seems to slow down.
Your wraith hits the royal mummy but does no damage.
Your wraith barely misses the royal mummy.
Unknown command.
The death scarab completely misses your wraith.
The death scarab bites you!
* * * LOW HITPOINT WARNING * * *
The death scarab draws strength from your injuries!
The death scarab barely misses you. The death scarab bites you.
You die...

#############
#####.......§...#####
####..M................####
###..............Z..........#
##...Z.....WWW..?.............
#.........?.WMWB.Z......?......
#............W..sBB.............
#...............BBB..............
........?.......@.....?.......?..
.................................
.................................
.................................
................?.....?......?
...............................
...........................
.....#..................... ....
?...Z.........?......


You could see a royal mummy (slow, ally target), an emperor scorpion (summoned),
a guardian mummy, 6 death scarabs, a tengu warrior zombie, a caustic shrike
zombie, a friendly shadow wraith (summoned, invisible), a friendly phantasmal
warrior (summoned), a friendly freezing wraith (summoned) and 3 friendly
wraiths.

Vanquished Creatures
  Nikola (Spider:2)
  Jorgrun (Spider:3)
  Rupert (Lair:3)
  A deep elf blademaster (Elf:2)
  Kirke (Lair:5)
  Roxanne (Spider:1)
  Agnes (Spider:1)
  4 ghost moths (Spider:4)
  A juggernaut zombie (WizLab)
  Louise (Spider:1)
  9 emperor scorpions
  A very ugly thing (D:15)
  5 entropy weavers
  Nessos (Lair:4)
  A minotaur (Gauntlet)
  A deep elf annihilator (Elf:3)
  5 spark wasps
  Snorg (D:14)
  2 deep elf death magi
  2 mummy priests (WizLab)
  A yaktaur captain (D:15)
  A deep elf high priest (Elf:1)
  A great orb of eyes (shapeshifter) (D:15)
  5 boulder beetles
  A great orb of eyes (D:15)
  2 vault guards (D:13)
  11 hydras
  3 catoblepae (Lair:6)
  2 ogre magi
  A death knight (D:11)
  Erica (D:9)
  15 dancing weapons
  5 centaur warriors
  5 two-headed ogres
  8 death yaks
  3 orc high priests (Orc:2)
  A titan zombie (WizLab)
  15 deep elf knights
  6 skeletal warriors
  A golden dragon zombie (WizLab)
  7 deep elf archers
  4 wizards
  A tengu zombie (WizLab)
  23 wolf spiders
  5 oklob plants
  31 orb spiders
  6 orc knights
  28 deep elf zephyrmancers
  5 necromancers
  22 deep elf pyromancers
  2 cyclopes
  37 ugly things
  5 manticores
  A moth of wrath (Spider:1)
  6 orc sorcerers
  8 elephants
  A spriggan zombie (WizLab)
  A demonspawn zombie (WizLab)
  14 cane toads
  A gargoyle (D:11)
  7 black mambas
  A cane toad (shapeshifter) (Elf:2)
  2 torpor snails
  4 unseen horrors
  4 kobold demonologists
  8 rime drakes
  The ghost of Maimakterion the Magician, a novice DjFE (D:5)
  12 komodo dragons
  An efreet (D:11)
  An ice devil (Gauntlet)
  A nameless horror (Elf:1)
  9 demonic crawlers
  A tengu conjurer (D:15)
  4 trolls
  36 jumping spiders
  A queen bee (Lair:4)
  3 meliai (Lair:4)
  A polar bear (Lair:5)
  9 hornets
  A meliai zombie (D:11)
  Prince Ribbit (D:6)
  A guardian serpent zombie (WizLab)
  36 blink frogs
  6 slime creatures
  An ice dragon zombie (WizLab)
  46 redbacks
  A centaur simulacrum (D:10)
  2 water elementals
  4 shadows
  22 tarantellas
  5 wraiths
  4 air elementals
  A large abomination (Elf:2)
  A yak (shapeshifter) (Elf:2)
  10 wyverns
  64 yaks
  4 hogs (Lair:5)
  19 humans (D:13)
  A fire elemental (Elf:1)
  4 basilisks
  Eustachio (D:4)
  6 vampire mosquitoes (D:12)
  2 wargs (Orc:2)
  Edmund (D:5)
  28 water moccasins
  A two-headed ogre zombie (D:10)
  4 acid dragons
  Duvessa (D:5)
  31 orc warriors
  2 ice beasts
  2 necrophages
  8 ogres
  10 wolves
  A boggart (D:11)
  A human zombie (WizLab)
  7 centaurs
  A phantom (D:10)
  3 kobold brigands
  An elf zombie (Elf:2)
  9 bullfrogs
  3 scorpions
  3 earth elementals
  2 gnoll sergeants
  Dowan (D:5)
  A scorpion (shapeshifter) (D:14)
  A water moccasin skeleton (D:6)
  37 killer bees (Lair:4)
  4 troll zombies (D:10)
  A howler monkey (D:9)
  3 vampire bats (Lair:4)
  An electric eel (Lair:1)
  6 centaur zombies
  3 jellies
  A gnoll shaman (D:9)
  13 orc priests
  4 hounds
  3 iguanas
  Ijyb (D:4)
  25 orc wizards
  3 ogre zombies (D:10)
  2 hound skeletons
  2 howler monkey zombies
  Robin (D:4)
  6 gnolls
  8 adders
  A shadow imp (D:6)
  4 white imps
  2 worms
  A dart slug (D:4)
  71 orcs
  4 ball pythons
  4 endoplasms
  3 giant cockroaches (D:4)
  9 goblins
  A hobgoblin (shapeshifter) (D:15)
  5 hobgoblins
  14 kobolds
  2 quokkas
  15 bats
  10 frilled lizards
  3 goblin skeletons (D:10)
  4 goblin zombies (D:10)
  2 hobgoblin skeletons (D:10)
  2 hobgoblin zombies (D:10)
  3 orc skeletons (D:10)
  11 orc zombies (D:10)
  5 rats
  9 bushes
1117 creatures vanquished.

Vanquished Creatures (collateral kills)
  A dancing weapon (Elf:2)
  A sphinx zombie (WizLab)
  A stone giant zombie (WizLab)
  A fire elemental (Elf:2)
  A warg (shapeshifter) (Elf:2)
5 creatures vanquished.

Vanquished Creatures (others)
  A demonic crawler (Spider:3)
  A bush (Lair:5)
  57 fungi
  96 plants
155 creatures vanquished.

Grand Total: 1277 creatures vanquished

Notes
Turn   | Place    | Note
-------+----------+-------------------------------------------
     0 | D:1      | pokeman the Deep Elf Hedge Wizard began the quest for the
                  | Orb.
     0 | D:1      | Reached XP level 1. HP: 10/10 MP: 7/7
   333 | D:1      | Reached XP level 2. HP: 15/15 MP: 6/9
   691 | D:1      | Found a faded altar of an unknown god.
  1128 | D:2      | Reached skill level 5 in Spellcasting
  1128 | D:2      | Reached XP level 3. HP: 18/20 MP: 4/11
  1132 | D:2      | Learned a level 3 spell: Mephitic Cloud
  1135 | D:2      | Learned a level 2 spell: Call Imp
  1138 | D:2      | Learned a level 2 spell: Blink
  1142 | D:2      | Learned a level 3 spell: Conjure Flame
  1305 | D:2      | Reached skill level 1 in Fighting
  1338 | D:2      | Reached skill level 1 in Armour
  1528 | D:2      | Found a shimmering altar of Xom.
  1779 | D:3      | Reached XP level 4. HP: 14/25 MP: 3/13
  2203 | D:3      | Found Juugaf's Magic Scroll Emporium.
  2209 | D:3      | Bought a scroll of magic mapping for 35 gold pieces
  2209 | D:3      | Bought a scroll of identify for 20 gold pieces
  2537 | D:4      | Noticed an ogre
  2563 | D:4      | Found Detzitu's Magic Scroll Emporium.
  2596 | D:4      | Bought a scroll of noise for 12 gold pieces
  2606 | D:4      | Found a staircase to the Ecumenical Temple.
  2611 | D:4      | Identified the ring of Ylophul {Wiz +Blink}
  2630 | Temple   | Entered the Ecumenical Temple
  2643 | Temple   | Became a worshipper of Vehumet
  2679 | D:4      | Found Haqeem's Armour Shoppe.
  2725 | D:4      | Reached skill level 1 in Fire Magic
  2786 | D:3      | Bought a scroll of teleportation for 30 gold pieces
  2826 | D:4      | Noticed Ijyb
  2845 | D:4      | Killed Ijyb
  2846 | D:4      | Reached skill level 6 in Spellcasting
  2846 | D:4      | Reached XP level 5. HP: 29/29 MP: 5/15
  2951 | D:4      | Found Kyaseoch's General Store.
  3020 | D:4      | Killed an ogre
  3021 | D:4      | Reached skill level 1 in Shields
  3021 | D:4      | Reached skill level 1 in Air Magic
  3154 | D:4      | Found Waoratih's Book Shoppe.
  3240 | D:4      | Reached XP level 6. HP: 34/34 MP: 13/17
  3252 | D:4      | Noticed Robin
  3262 | D:4      | Killed Robin
  3472 | D:4      | Found Mehuas's Jewellery Emporium.
  3829 | D:4      | Noticed Eustachio
  3830 | D:4      | Noticed a yak
  3856 | D:4      | Killed Eustachio
  3857 | D:4      | Reached skill level 7 in Spellcasting
  3857 | D:4      | Reached skill level 1 in Poison Magic
  3920 | D:4      | Killed a yak
  3921 | D:4      | Reached skill level 1 in Evocations
  3921 | D:4      | Reached XP level 7. HP: 8/38 MP: 3/20
  4508 | D:5      | Entered Level 5 of the Dungeon
  4515 | D:5      | Reached skill level 8 in Spellcasting
  4517 | D:5      | Identified the ring "Votel" {Fly Str+2}
  4698 | D:5      | Reached * piety under Vehumet
  4698 | D:5      | Offered knowledge of Shock by Vehumet.
  4701 | D:5      | Learned a level 1 spell: Shock
  4990 | D:5      | Found a large runed translucent door.
  4991 | D:5      | Found a large runed translucent door.
  4991 | D:5      | Noticed Maimakterion's ghost (novice DjFE)
  5105 | D:5      | Found Xocup's Neck Hole.
  5177 | D:5      | Noticed Edmund
  5188 | D:5      | Killed Edmund
  5189 | D:5      | Reached skill level 9 in Spellcasting
  5189 | D:5      | Reached XP level 8. HP: 44/44 MP: 17/23
  5189 | D:5      | Noticed Duvessa
  5193 | D:5      | Noticed Dowan
  5203 | D:5      | Killed Duvessa
  5268 | D:5      | Killed Dowan
  5792 | D:6      | Reached skill level 5 in Conjurations
  5839 | D:6      | Noticed Prince Ribbit
  5853 | D:6      | Killed Prince Ribbit
  5854 | D:6      | Reached skill level 10 in Spellcasting
  6027 | D:6      | Offered knowledge of Sandblast by Vehumet.
  6052 | D:6      | Reached ** piety under Vehumet
  6212 | D:6      | Reached XP level 9. HP: 42/48 MP: 16/25
  6534 | D:6      | Found a burning altar of Makhleb.
  6552 | D:6      | Reached skill level 11 in Spellcasting
  6726 | D:7      | Killed an unseen horror
  6820 | D:7      | Offered knowledge of Scorch by Vehumet.
  6987 | D:7      | Noticed an orange crystal statue
  6992 | D:7      | Found a runed translucent door.
  7024 | D:7      | Found the +10 tower shield of Ignorance {rN+ Int-4}
  7042 | D:7      | Found a runed translucent door.
  7472 | D:8      | Reached *** piety under Vehumet
  7631 | D:8      | Reached skill level 12 in Spellcasting
  7892 | D:8      | Found a staircase to the Lair.
  7903 | D:8      | Reached XP level 10. HP: 31/53 MP: 12/28
  7916 | D:8      | Offered knowledge of Inner Flame by Vehumet.
  7976 | D:8      | Reached skill level 13 in Spellcasting
  8314 | D:8      | Reached skill level 5 in Fire Magic
  9739 | D:9      | Reached skill level 1 in Earth Magic
  9873 | D:9      | Noticed Erica
  9889 | D:9      | Killed Erica
 10340 | D:9      | Reached skill level 14 in Spellcasting
 10394 | D:9      | Learned a level 5 spell: Fireball
 10401 | D:9      | Learned a level 6 spell: Starburst
 10432 | D:9      | Noticed a wizard
 10435 | D:9      | Killed a wizard
 11076 | D:10     | Entered Level 10 of the Dungeon
 11143 | D:10     | Reached XP level 11. HP: 55/61 MP: 20/31
 11144 | D:10     | Reached **** piety under Vehumet
 11486 | D:10     | Offered knowledge of Yara's Violent Unravelling by Vehumet.
 11553 | D:10     | Reached skill level 1 in Necromancy
 11604 | D:10     | Found a staircase to the Orcish Mines.
 11887 | D:10     | Reached skill level 15 in Spellcasting
 11913 | D:10     | Reached ***** piety under Vehumet
 11913 | D:10     | Offered knowledge of Irradiate by Vehumet.
 12069 | D:10     | Identified the +9 long sword of the Shining Light {protect,
                  | rC+ rN+ Int+2}
 12518 | D:11     | Noticed a four-headed hydra
 12565 | D:11     | Noticed a six-headed hydra
 12570 | D:11     | Killed a six-headed hydra
 12575 | D:11     | Found a gate leading to a gauntlet.
 12581 | Gauntlet | Entered a Gauntlet
 12581 | Gauntlet | Noticed a necromancer
 12581 | Gauntlet | Noticed a wizard
 12581 | Gauntlet | Found a transporter.
 12581 | Gauntlet | Found a transporter.
 12583 | Gauntlet | Noticed a wizard
 12665 | Gauntlet | Found a transporter.
 12668 | Gauntlet | Found a transporter.
 12668 | Gauntlet | Found a transporter.
 12678 | Gauntlet | Found a transporter.
 12679 | Gauntlet | Noticed a hell hog
 12761 | Gauntlet | Found a transporter.
 12776 | Gauntlet | Found a transporter.
 12778 | Gauntlet | Noticed an oklob plant
 12786 | Gauntlet | Found a transporter.
 12799 | Gauntlet | Found a transporter.
 12814 | Gauntlet | Found a transporter.
 12820 | Gauntlet | Found a transporter.
 12964 | Gauntlet | Killed a necromancer
 13098 | Gauntlet | Killed an oklob plant
 13300 | Gauntlet | Reached skill level 16 in Spellcasting
 13377 | Gauntlet | Identified the -6 cloak "Hutuhas" {Drain Fly Dex+2}
 13412 | Gauntlet | Identified the +7 falchion of Defiance {vamp, rCorr SInv}
 13412 | Gauntlet | Noticed a minotaur
 13428 | Gauntlet | Killed a minotaur
 13445 | Gauntlet | Got the Almanac of the Glacier
 13445 | Gauntlet | Got the Disquisition on Cankerous Creation
 13836 | D:11     | Killed a four-headed hydra
 13843 | D:11     | Reached XP level 12. HP: 50/66 MP: 2/34
 14018 | D:11     | Noticed a boulder beetle
 14025 | D:11     | Killed a boulder beetle
 14220 | D:11     | Noticed a two-headed ogre
 14226 | D:11     | Reached skill level 10 in Conjurations
 14229 | D:11     | Killed a two-headed ogre
 14254 | D:11     | Noticed a two-headed ogre
 14258 | D:11     | Killed a two-headed ogre
 14259 | D:11     | Reached skill level 17 in Spellcasting
 14443 | D:11     | Noticed a centaur warrior
 14445 | D:11     | Noticed a centaur warrior
 14446 | D:11     | Killed a centaur warrior
 14446 | D:11     | Noticed an ogre mage
 14454 | D:11     | Paralysed by something for 2 turns
 14493 | D:11     | Killed an ogre mage
 14493 | D:11     | Killed a centaur warrior
 14951 | D:11     | Identified the +0 chain mail of the King of the Hill {rPois
                  | Will+}
 14954 | D:11     | Found a glowing silver altar of Zin.
 14987 | D:11     | Noticed a death knight
 14995 | D:11     | Identified the ring "Sanilim" {rC+ rN+}
 14998 | D:11     | Killed a death knight
 15542 | D:11     | Noticed an eight-headed hydra
 15543 | D:11     | Reached skill level 18 in Spellcasting
 15545 | D:11     | Killed an eight-headed hydra
 15972 | D:12     | Noticed a six-headed hydra
 15975 | D:12     | Killed a six-headed hydra
 15976 | D:12     | Reached skill level 5 in Shields
 15976 | D:12     | Reached skill level 5 in Summonings
 16566 | D:12     | Noticed a two-headed ogre
 16569 | D:12     | Killed a two-headed ogre
 16570 | D:12     | Reached XP level 13. HP: 70/70 MP: 19/37
 17578 | D:13     | Reached skill level 5 in Armour
 18146 | D:13     | Reached skill level 19 in Spellcasting
 18601 | D:4      | Bought the +2 helmet of Xara {Contam rElec rPois Int+4} for
                  | 497 gold pieces
 19093 | D:13     | Offered knowledge of Airstrike by Vehumet.
 19666 | D:13     | Reached skill level 5 in Fighting
 19788 | D:13     | Found a gate to the Vaults.
 20061 | D:13     | Found a hazy altar of Hepliaklqana.
 20269 | D:14     | Noticed Snorg
 20274 | D:14     | Killed Snorg
 20964 | D:14     | Reached skill level 20 in Spellcasting
 21317 | D:14     | Learned a level 1 spell: Apportation
 21355 | D:15     | Entered Level 15 of the Dungeon
 21375 | D:15     | Reached XP level 14. HP: 67/78 MP: 23/40
 22492 | D:15     | Found a sacrificial altar of Ru.
 22725 | D:15     | Reached skill level 21 in Spellcasting
 23013 | D:15     | Noticed a red very ugly thing
 23199 | D:15     | Found a staircase to the Depths.
 23675 | D:15     | Killed a red very ugly thing
 23936 | Temple   | Identified 2 scrolls of acquirement
 23942 | Temple   | Acquired 712 gold pieces
 23944 | Temple   | Acquired 580 gold pieces
 24058 | Lair:1   | Entered Level 1 of the Lair of Beasts
 24895 | Lair:1   | Identified the ring "Ganoakh" {*Slow rC+ Int+3}
 26030 | Lair:2   | Found a staircase to the Shoals.
 26342 | Lair:3   | Reached XP level 15. HP: 84/84 MP: 34/42
 26345 | Lair:3   | Offered knowledge of Lee's Rapid Deconstruction by Vehumet.
 26560 | Lair:3   | Noticed Rupert
 26662 | Lair:3   | Killed Rupert
 26663 | Lair:3   | Reached skill level 22 in Spellcasting
 27631 | Lair:4   | Noticed Nessos
 28313 | Lair:4   | Reached skill level 10 in Summonings
 28613 | Lair:4   | Killed Nessos
 29029 | Lair:4   | Offered knowledge of Ozocubu's Refrigeration by Vehumet.
 29124 | Lair:4   | Found a hole to the Spider Nest.
 29145 | Lair:4   | Acquired the +8 hand crossbow of Death's Door {flame, Will+
                  | SInv}
 29602 | Lair:4   | Acquired the amulet of Vitality {Regen+ HP+15}
 29602 | Lair:4   | Found the amulet of Vitality {Regen+ HP+15}
 29685 | Lair:4   | Identified the +0 pair of boots of Qazlal's Condemnation
                  | {rElec rCorr Str-3 Int+8}
 29706 | Lair:4   | Learned a level 7 spell: Haunt
 30200 | Lair:5   | Noticed Kirke
 30204 | Lair:5   | Killed Kirke
 30472 | Lair:5   | Reached skill level 23 in Spellcasting
 30900 | Lair:6   | Entered Level 6 of the Lair of Beasts
 30907 | Lair:6   | Offered knowledge of Conjure Ball Lightning by Vehumet.
 31782 | Lair:6   | Reached XP level 16. HP: 90/90 MP: 24/45
 32539 | Lair:6   | Found a viscous altar of Jiyva.
 32539 | Lair:6   | Found a staircase to the Slime Pits.
 32980 | Orc:1    | Entered Level 1 of the Orcish Mines
 33083 | Orc:2    | Entered Level 2 of the Orcish Mines
 33647 | Orc:1    | Found Pic Kufa's Jewellery Boutique.
 34201 | Orc:2    | Upgraded the game from 0.28-a0-612-gcfc00ec14d to
                  | 0.28-a0-620-g539b0f7ac7
 34423 | Orc:2    | Offered knowledge of Spellforged Servitor by Vehumet.
 34610 | Orc:2    | Found Reyniphau's Book Shop.
 34610 | Orc:2    | Found Itunotsakh's Armour Shoppe.
 34612 | Orc:2    | Found Veijosot's Weapon Shop.
 34612 | Orc:2    | Found Houcvirr's Weapon Shoppe.
 34752 | Orc:2    | Found a staircase to the Elven Halls.
 35163 | Spider:1 | Entered Level 1 of the Spider Nest
 35171 | Spider:1 | Reached skill level 24 in Spellcasting
 35315 | Spider:1 | Paralysed by a hornet for 2 turns
 35400 | Spider:1 | Reached skill level 15 in Conjurations
 35402 | Spider:1 | Noticed Agnes
 35657 | Spider:1 | Killed Agnes
 35826 | Spider:1 | Acquired Iskenderun's Handbook of the Sixty-Six Artisans
 35836 | Spider:1 | Learned a level 7 spell: Orb of Destruction
 35844 | Spider:1 | Noticed Louise
 35854 | Spider:1 | Killed Louise
 36320 | Spider:1 | Identified Roxanne's Collected Works on Transformation
 36320 | Spider:1 | Noticed Roxanne
 36459 | Spider:1 | Killed Roxanne
 36707 | Spider:2 | Noticed Nikola
 37041 | Spider:2 | Offered knowledge of Eringya's Noxious Bog by Vehumet.
 37193 | Spider:2 | Killed Nikola
 38269 | Spider:2 | Got Jil Tong's Compendium of Noxious Shape Shifting
 38816 | Spider:3 | Reached XP level 17. HP: 97/97 MP: 47/47
 38817 | Spider:3 | Reached skill level 25 in Spellcasting
 38949 | Spider:3 | Reached ****** piety under Vehumet
 38963 | Spider:3 | Offered knowledge of Fire Storm by Vehumet.
 38963 | Spider:3 | Offered knowledge of Shatter by Vehumet.
 38963 | Spider:3 | Offered knowledge of Maxwell's Capacitive Coupling by
                  | Vehumet.
 38970 | Spider:3 | Noticed Jorgrun
 38985 | Spider:2 | Learned a level 9 spell: Fire Storm
 39122 | Spider:3 | Killed Jorgrun
 39259 | Spider:3 | Found a runed translucent gate.
 39259 | Spider:3 | Found a runed translucent gate.
 39259 | Spider:3 | Found a runed translucent gate.
 39346 | Spider:3 | Noticed Ythron's ghost (adept DDFi)
 39347 | Spider:3 | Noticed Quebbil's ghost (journeyman GrFi)
 39856 | Spider:4 | Entered Level 4 of the Spider Nest
 41614 | Spider:4 | Reached skill level 26 in Spellcasting
 42190 | Spider:4 | Got a gossamer rune of Zot
 42536 | D:5      | Killed Maimakterion's ghost
 42982 | Elf:1    | Entered Level 1 of the Elven Halls
 43307 | Elf:1    | Found Piufuat's General Store.
 43612 | Elf:1    | Reached XP level 18. HP: 103/103 MP: 41/50
 43702 | Elf:1    | Paralysed by an air elemental for 1 turns
 44563 | Elf:2    | Paralysed by an air elemental for 1 turns
 44778 | Elf:2    | Acquired a +0 buckler of protection
 45287 | Elf:2    | Got the Catalogue of Evil
 45532 | Elf:2    | Found a runed translucent gate.
 45533 | Elf:2    | Found a runed translucent gate.
 45533 | Elf:2    | Found a runed translucent gate.
 45918 | Elf:2    | Reached skill level 27 in Spellcasting
 46893 | Elf:3    | Entered Level 3 of the Elven Halls
 46914 | Elf:3    | Found a magical portal.
 46920 | WizLab   | Entered Doroklohe's Tomb
 47125 | WizLab   | Noticed a royal mummy
 47134 | WizLab   | Reached skill level 10 in Fire Magic
 47140 | WizLab   | HP: 5/119 [royal mummy/divine providence (10)]
 47168 | WizLab   | HP: 5/119 [death scarab[a royal mummy] (8)]
 47168 | WizLab   | Slain by a death scarab

Illustrated notes

Levels and vault maps discovered:
D:1:      psy_arrival_conway, layout_loops_ring,
          shapermc_ecumenical_altar_mp_highgroup
D:2:      layout_rooms, basic_altar
D:3:      layout_rooms, serial_shops, nicolae_shop_trees
D:4:      layout_basic, minmay_temple_entry_sparse_star, serial_shops, shop,
          nicolae_lakefront_shop, shop, kennysheep_mini_moat,
          nicolae_stop_n_shop_1, minmay_fractal_squares_diagonal_5, uniq_ijyb,
          uniq_robin, uniq_eustachio
D:5:      ebering_ghost_disaster_area, layout_cave_pods, solitary_fountain,
          nicolae_shop_sticking_my_neck_out, uniq_duvessa, uniq_edmund
D:6:      layout_rooms, makhleb_heckhound_becter, minmay_lizard_king,
          uniq_prince_ribbit1
D:7:      layout_basic, chequers_guarded_unrand_ignorance
D:8:      layout_layer_cave, minmay_lair_entry_grove, palyth_stone_intersect
D:9:      layout_stronghold, uniq_erica
D:10:     layout_loops_ring, zombieorc2_lemuel
D:11:     minmay_the_grid_octo_tiled_squarecenter_mashed
          [minmay_the_grid_octo_horde, minmay_the_grid_octo_odd_swirl,
          minmay_the_grid_octo_checkered, minmay_the_grid_octo_concentric,
          minmay_the_grid_square_5x5_megaprize_diamond,
          minmay_the_grid_square_5x5_eight, minmay_the_grid_square_5x5_minibox,
          minmay_the_grid_square_5x5_bridge, minmay_the_grid_square_5x5_spiral],
          layout_cave_pools, serial_glass, glass_columns_a, glass_columns_b,
          gauntlet_entry_generic, minmay_crystal_water, zin_academy
D:12:     layout_loops_cross, kennysheep_cross_bottleneck, chequers_garden,
          corner_web_ring
D:13:     layout_gridville, grunt_vaults_entry_tiered,
          nicolae_hepliaklqana_hippocampus
D:14:     layout_loops_corners, glass_columns_a, lemuel_flame_loot_1, uniq_snorg
D:15:     gammafunk_enter_depths_forms, layout_basic, nicolae_ru_awakened_eye
Temple:   nicolae_temple_the_god_donut
Lair:1:   cheibrodos_lair_river_kwai, layout_loops_ring, serial_bayou_shore_a,
          infiniplex_staircase_pool, grunt_megastairs_1
Lair:2:   layout_cave_pods, elwin_shoals_entry_rocks, grunt_megastairs_2
Lair:3:   layout_roguey, uniq_rupert
Lair:4:   hangedman_what_comes_after_a, layout_regular_city, dummy_spider_entry,
          roderic_batcave, uniq_nessos
Lair:5:   layout_misc_corridors, minmay_hedge_maze, uniq_kirke
Lair:6:   evilmike_catoblepas_cave, layout_cellular_growth,
          dpeg_slime_entry_enclosed_altar
Spider:1: layout_spider_delve, uniq_louise, uniq_roxanne, uniq_agnes
Spider:2: layout_chambers, nicolae_spider_orb_run, uniq_nikola
Spider:3: gammafunk_ghost_cemetery, nicolae_spider_scorpion_nest, uniq_jorgrun
Spider:4: spider_rune_water, nicolae_spider_not_touching_you
Orc:1:    layout_caves, minmay_shop_enchanted_jewellery
Orc:2:    grunt_orc_tribal_feast, layout_caves, basic_altar
Elf:1:    nicolae_elf_arrival_aired_out, layout_loops_corners, serial_shops,
          nicolae_lakefront_shop, kennysheep_underground_church
Elf:2:    nicolae_elf_blades_crystal_corner, layout_geoelf_grid,
          minmay_elf_necromancy, lemuel_elevator
Elf:3:    grunt_elf_hall_diamonds, layout_loops_cross, mu_enter_wizlab_1,
          advil_vaults_ghost_guards, grunt_ministairs_9
WizLab:   wizlab_doroklohe

Skill      XL: |  1  2  3  4  5  6  7  8  9 10 11 12 13 14 15 16 17 18 |
---------------+-------------------------------------------------------+-----
Spellcasting   | 5 6 7 9 10 12 14 16 18 20 21 23 24 26 27 | 27.0
Fighting       | 1 2 4 5 6 8 |  8.5
Armour         | 1 2 3 4 5 6 7 8 9 |  9.2
Conjurations   | 2 3 4 5 7 8 9 11 12 13 14 15 16 17 | 17.6
Dodging        | 3 |  3.0
Fire Magic     | 1 3 4 6 8 9 10 | 10.1
Shields        | 1 2 3 5 |  5.0
Air Magic      | 1 |  1.2
Stealth        | 3 |  3.0
Poison Magic   | 1 |  1.2
Evocations     | 1 |  1.3
Summonings     | 2 3 4 5 7 9 11 12 13 14 | 14.0
Earth Magic    | 1 |  1.0
Necromancy     | 1 |  1.0
Translocations | |  1.1

Action                   |  1- 3 |  4- 6 |  7- 9 | 10-12 | 13-15 | 16-18 || total
-------------------------+-------+-------+-------+-------+-------+-------++-------
Melee: Spear             |     1 |    19 |    44 |     3 |       |       ||    67
       Dagger            |       |       |       |    57 |       |       ||    57
       Long sword        |       |       |       |    16 |    76 |    40 ||   132
 Cast: Magic Dart        |    76 |    87 |    62 |    28 |       |       ||   253
       Mephitic Cloud    |       |     8 |    19 |    27 |    31 |     7 ||    92
       Conjure Flame     |       |     7 |    28 |    28 |       |       ||    63
       Shock             |       |       |   133 |   139 |    15 |    25 ||   312
       Fireball          |       |       |       |   126 |   402 |   429 ||   957
       Starburst         |       |       |       |    12 |    67 |    71 ||   150
       Blink             |       |       |       |     1 |    14 |    13 ||    28
       Apportation       |       |       |       |       |     3 |       ||     3
       Call Imp          |       |       |       |       |     1 |     1 ||     2
       Orb of Destructio |       |       |       |       |       |    67 ||    67
       Haunt             |       |       |       |       |       |    10 ||    10
Evoke: Wand              |       |       |       |     9 |    20 |    16 ||    45
       Tin of tremorston |       |       |       |       |     1 |       ||     1
       Box of beasts     |       |       |       |       |       |     1 ||     1
  Use: Scroll            |       |       |       |    11 |    11 |    17 ||    39
       Potion            |       |       |       |       |       |     4 ||     4
 Stab: Sleeping          |     1 |       |       |       |       |       ||     1
       Confused          |       |     3 |     3 |     6 |     4 |       ||    16
Armor: Robe              |     2 |     1 |       |       |       |       ||     3
       Leather armour    |       |     1 |    27 |    39 |       |       ||    67
       Acid dragon scale |       |       |       |    21 |    65 |   127 ||   213
Dodge: Dodged            |    11 |     6 |    35 |    75 |    55 |   125 ||   307
Block: Other             |       |     3 |    17 |    30 |       |       ||    50
       Reflection        |       |       |     1 |     6 |     8 |       ||    15
       Buckler           |       |       |       |     6 |    61 |    42 ||   109

Table legend: (Time is in decaauts)
 A = Elapsed time spent in this place.
 B = Non-inter-level travel time spent in this place.
 C = Inter-level travel time spent in this place.
 D = Time resting spent in this place.
 E = Time spent auto-exploring this place.
 F = Levels seen in this place.
 G = Mean time per level.
                   A        B        C        D        E       F      G
               +--------+--------+--------+--------+--------+-----+--------+
         Total |  47355 |  43612 |   3743 |   7248 |  30016 |  33 | 1435.0 |
       Dungeon |  24021 |  21626 |   2395 |   2675 |  15879 |  15 | 1601.4 |
        Temple |    131 |    101 |     30 |      0 |      3 |   1 |  131.0 |
          Lair |   9221 |   8459 |    762 |   1320 |   6148 |   6 | 1536.8 |
   Spider Nest |   6832 |   6496 |    336 |   1811 |   3786 |   4 | 1708.0 |
  Orcish Mines |   2075 |   1961 |    114 |    544 |   1102 |   2 | 1037.5 |
   Elven Halls |   3945 |   3840 |    105 |    647 |   2705 |   3 | 1315.0 |
        Wizlab |    247 |    247 |      0 |    121 |     20 |   1 |  247.0 |
      Gauntlet |    879 |    879 |      0 |    130 |    372 |   1 |  879.0 |
               +--------+--------+--------+--------+--------+-----+--------+

Top non-repeatable levels by time:
  Lair:4: 2954 daAuts
     D:8: 2711 daAuts
    D:13: 2610 daAuts
Spider:2: 2150 daAuts
   Elf:2: 2111 daAuts
Spider:4: 2040 daAuts
     D:4: 2033 daAuts
    D:10: 1950 daAuts
    D:15: 1857 daAuts
    D:11: 1839 daAuts
   Elf:1: 1807 daAuts
     D:9: 1774 daAuts
    D:14: 1684 daAuts
     D:5: 1577 daAuts
  Lair:3: 1555 daAuts
